 Dungeon Sprint DCSS version 0.31-a0-845-g9abc20d24f (webtiles) character file.

Game seed: 2532109925565478952

272 Danienth the Fighter (level 7, -6/112 HPs)
             Began as a Minotaur Fighter on Oct 2, 2023.
             Was a Follower of Okawaru.
             Mangled by a naga warlord
             ... wielding a +0 glaive
              (23 damage)
             ... in the Dungeon (Sprint VI: "Thunderdome").
             The game lasted 00:11:51 (621 turns).

Danienth the Fighter (Minotaur Fighter)              Turns: 621, Time: 00:11:51

Health: -6/112     AC:  7    Str: 27    XL:     7   Next: 31%
Magic:  6/6        EV:  9    Int:  5    God:    Okawaru [*.....]
Gold:   76         SH: 11    Dex:  9    Spells: 6/6 levels left

rFire   . . .        r - +2 spear (vamp)
rCold   . . .        q - +0 kite shield
rNeg    + . .        b - +0 scale mail
rPois   .            (helmet restricted)
rElec   .            (no cloak)
rCorr   .            (no gloves)
SInv    .            (no boots)
Will    +....        u - amulet of Askakhe {Acrobat Will+} Stlth
                     s - ring "Jocoos" {Wiz rN+ Str+4 Stlth-}
HPRegen 0.38/turn    (no ring)
MPRegen 0.10/turn

%: no teleportation, acrobat, wizardry (x1)
@: mighty, berserking (expiring), lethally poisoned (-6 -> -11), hasted, very
quick
A: horns 2, retaliatory headbutt
a: Renounce Religion, Heroism


You were in the Dungeon.
You worshipped Okawaru.
Okawaru was aware of your devotion.
You visited 1 branch You collected 400 gold pieces.
You spent 324 gold pieces at shops.

Inventory:

Hand Weapons
 a - a +0 war axe
 o - a +4 dagger of speed
 p - a +6 spear of venom
 r - a +2 vampiric spear (weapon)
Armour
 b - a +0 scale mail (worn)
 c - a +0 buckler
 q - a +0 kite shield (worn)
Jewellery
 s - the ring "Jocoos" (left hand) {Wiz rN+ Str+4 Stlth-}
   (You bought it in a shop in the Dungeon)

   [ring of wizardry]

   Wiz:       It improves your spell success rate.
   Str+4:     It affects your strength (+4).
   rN+:       It protects you from negative energy.
   Stlth-:    It makes you less stealthy.
 t - the ring of Borescho {rF++ Will- SInv}
   (You bought it in a shop in the Dungeon)

   [ring of see invisible]

   rF++:      It greatly protects you from fire.
   Will-:     It decreases your willpower.
   SInv:      It lets you see invisible.
 u - the amulet of Askakhe (around neck) {Acrobat Will+}
   (You bought it in a shop in the Dungeon)

   [amulet of the acrobat]

   Acrobat:   It increases your evasion while moving and waiting.
   Will+:     It increases your willpower.
Wands
 l - a wand of light (5)
 m - a wand of iceblast (2) (quivered)
Scrolls
 j - 4 scrolls of blinking
 n - 3 scrolls of fog
Potions
 d - 4 potions of might
 e - a potion of curing
 f - 3 potions of heal wounds
 g - 2 potions of haste
 h - 2 potions of magic
 k - a potion of resistance


   Skills:
 - Level 11.9 Fighting
 - Level 5.9 Short Blades
 - Level 5.1(6.4) Axes
 * Level 5.7(6.6) Polearms
 - Level 6.0 Armour
 - Level 11.2 Shields


You had 6 spell levels left.
You didn't know any spells.
Your spell library was empty.

Dungeon Overview and Level Annotations

Branches:
Dungeon (1/1)

Altars:
Cheibriados
Dithmenos
Fedhas
Gozag
Kikubaaqudgha
Makhleb
Okawaru
Qazlal
Ru
Sif Muna
Trog
Uskayaw
Vehumet
Wu Jian
Xom
Yredelemnul
Zin
The Shining One
Lugonu

Shops:
D *[=??*?*:[((!!!!


Innate Abilities, Weirdness & Mutations

You have a pair of horns on your head.
You reflexively headbutt those who attack you in melee.


Message History

Press: ? - help, Dir - move target, f/p - naga warlord
Aim: a naga warlord, wielding a +0 glaive (heavily wounded, very poisoned, catching its breath, about 29% to evade your +6 spear of venom)
You reach to attack!
You hit the naga warlord but do no damage.
The naga warlord is heavily wounded.
You feel sick.
Reach: p) +6 spear (venom)
Press: ? - help, Dir - move target, f/p - naga warlord
Aim: a naga warlord, wielding a +0 glaive (heavily wounded, very poisoned, catching its breath, about 29% to evade your +6 spear of venom)
You reach to attack!
You closely miss the naga warlord.
The naga warlord is heavily wounded.
You feel sick.
The naga warlord hits you from afar with a +0 glaive!
* * * LOW HITPOINT WARNING * * *
Reach: p) +6 spear (venom)
Press: ? - help, Dir - move target, f/p - naga warlord
Aim: a naga warlord, wielding a +0 glaive (heavily wounded, poisoned, catching its breath, about 29% to evade your +6 spear of venom)
You reach to attack!
You puncture the naga warlord!
The naga warlord looks as sick as possible!
The naga warlord is heavily wounded.
You feel sick.
Your +6 spear of venom stops dripping with poison.
You feel a sense of dread.
r - a +2 vampiric spear (weapon)
You feel sick. The naga warlord barely misses you.
Reach: r) +2 spear (vamp)
Press: ? - help, Dir - move target, f/p - naga warlord
Aim: a naga warlord, wielding a +0 glaive (heavily wounded, extremely poisoned, about 32% to evade your +2 vampiric spear)
You reach to attack!
You hit the naga warlord.
You feel better.
The naga warlord is heavily wounded.
You feel sick.
Reach: r) +2 spear (vamp)
Press: ? - help, Dir - move target, f/p - naga warlord
Aim: a naga warlord, wielding a +0 glaive (heavily wounded, extremely poisoned, about 32% to evade your +2 vampiric spear)
You reach to attack!
You barely miss the naga warlord.
The naga warlord is heavily wounded.
You feel sick. The anaconda closely misses you. The anaconda bites you.
* * * LOW HITPOINT WARNING * * *
The naga warlord hits you from afar with a +0 glaive!!
You die...

##.....## ##∩.....∩##
#∩.......∩# #_......._#
#_......._# #_......._#
###.........###
#⌠.....†....N⌠#
######.8...$†..@S8.######
##∩_._......###.....N.__∩##
#∩.......†8.# #.8........∩###
..........†.###.............##
.........###...###..........⌠#
.....)...# #.<.# #.........)⌠#
.......[.###...###..........⌠#
............###.............##
#∩........8†# #.8........∩###


You could see a naga warlord (extremely poisoned), an anaconda and a naga
(catching breath).

Vanquished Creatures
  2 wolves (D)
  A gnoll sergeant (D)
  A scorpion (D)
  6 killer bees (D)
  A hound (D)
  A jelly (D)
  Jessica (D)
  2 gnolls (D)
  An adder (D)
  2 worms (D)
  A ball python (D)
  2 giant cockroaches (D)
  A goblin (D)
22 creatures vanquished.

Notes
Turn   | Place    | Note
-------+----------+-------------------------------------------
     0 | D        | Danienth the Minotaur Fighter began the quest for the Orb.
     0 | D        | Reached XP level 1. HP: 19/19 MP: 0/0
     1 | D        | Found a sacrificial altar of Ru.
     1 | D        | Found a burning altar of Makhleb.
     2 | D        | Found a hide-covered altar of Uskayaw.
     2 | D        | Found a stormy altar of Qazlal.
     3 | D        | Found a bloodstained altar of Trog.
     4 | D        | Found a glowing silver altar of Zin.
     4 | D        | Found a blossoming altar of Fedhas.
     4 | D        | Found Figialia's Premium Goods.
     4 | D        | Found Arphom's Weapon Rack.
     5 | D        | Found Koropt's Miscellaneous Merchandise.
     5 | D        | Found Quqiduq's Basic Armour.
     5 | D        | Round 1.
     9 | D        | Found a shimmering altar of Xom.
    10 | D        | Found Niecor's Do-It-Yourself Clinic.
    10 | D        | Found a glowing golden altar of the Shining One.
    10 | D        | Found an iron altar of Okawaru.
    10 | D        | Found Moaruogg's Distillery.
    11 | D        | Found Zeaj Diuff's Bottled Wisdom.
    11 | D        | Found Iskeam's Distillery.
    19 | D        | Reached XP level 2. HP: 22/28 MP: 1/1
    20 | D        | Found a radiant altar of Vehumet.
    24 | D        | Became a worshipper of Warmaster Okawaru
    26 | D        | Bought 6 potions of might for 168 gold pieces
    26 | D        | Bought a potion of curing for 21 gold pieces
    77 | D        | Found a shadowy altar of Dithmenos.
    77 | D        | Found Rufum's Identification Station.
    77 | D        | Found Esaital's Advanced Armour.
    78 | D        | Found Ystag's Jewellery.
    80 | D        | Found an opulent altar of Gozag.
    80 | D        | Found an ornate altar of the Wu Jian Council.
    80 | D        | Found Empif's Timeless Talismans.
    85 | D        | Found a shimmering blue altar of Sif Muna.
    86 | D        | Found an ancient bone altar of Kikubaaqudgha.
    86 | D        | Noticed Jessica
    87 | D        | Found a basalt altar of Yredelemnul.
    90 | D        | Reached skill level 5 in Fighting
    90 | D        | Reached skill level 5 in Armour
    90 | D        | Reached skill level 5 in Shields
    90 | D        | Reached XP level 3. HP: 36/36 MP: 2/2
    96 | D        | Killed Jessica
    96 | D        | Arena points: 12 (+12) [x2]
    97 | D        | Reached skill level 5 in Axes
    97 | D        | Reached XP level 4. HP: 38/44 MP: 3/3
   138 | D        | Found Loc Fuitea's Magic Scroll Shop.
   139 | D        | Found Nittyul's Magic Scroll Shop.
   139 | D        | Found Guurchox's Must-Have Magic.
   146 | D        | Found Weidghig's Staff Store.
   146 | D        | Found a snail-covered altar of Cheibriados.
   146 | D        | Found a corrupted altar of Lugonu.
   147 | D        | Round 2.
   182 | D        | Noticed a scorpion
   191 | D        | Killed a scorpion
   286 | D        | Arena points: 48 (+36) [x3]
   342 | D        | Round 3.
   343 | D        | Noticed a wolf
   345 | D        | Reached XP level 5. HP: 52/52 MP: 4/4
   346 | D        | Killed a wolf
   347 | D        | Reached skill level 5 in Short Blades
   379 | D        | Reached * piety under Okawaru
   380 | D        | Reached XP level 6. HP: 55/63 MP: 5/5
   398 | D        | Reached skill level 10 in Fighting
   413 | D        | Reached skill level 10 in Shields
   423 | D        | Arena points: 132 (+84) [x4]
   449 | D        | Round 4.
   453 | D        | Bought an ancient wooden ring for 45 gold pieces
   453 | D        | Identified the ring "Jocoos" {Wiz rN+ Str+4 Stlth-} (You
                  | bought it in a shop in the Dungeon)
   453 | D        | Bought a brightly glowing granite ring for 45 gold pieces
   453 | D        | Identified the ring of Borescho {rF++ Will- SInv} (You
                  | bought it in a shop in the Dungeon)
   453 | D        | Bought a heavily runed ruby amulet for 45 gold pieces
   453 | D        | Identified the amulet of Askakhe {Acrobat Will+} (You
                  | bought it in a shop in the Dungeon)
   489 | D        | Reached XP level 7. HP: 61/74 MP: 6/6
   518 | D        | Reached skill level 5 in Polearms
   532 | D        | Arena points: 272 (+140) [x5]
   604 | D        | Round 5.
   604 | D        | Noticed a naga warlord
   607 | D        | Noticed an anaconda
   621 | D        | Mangled by a naga warlord

Illustrated notes

Levels and vault maps discovered:
D:        arena_sprint

Skill      XL: |  1  2  3  4  5  6  7 |
---------------+----------------------+-----
Fighting       | 4 5 7 9 11 | 11.9
Armour         | 4 5 6 |  6.0
Shields        | 4 5 7 9 10 11 | 11.2
Axes           | 4 5 |  5.1
Short Blades   | 3 5 |  5.9
Polearms       | 4 5 |  5.7

Action                     |  1- 3 |  4- 6 |  7- 9 || total
---------------------------+-------+-------+-------++-------
  Melee: War axe           |    11 |       |       ||    11
         Headbutt          |     2 |     5 |       ||     7
         Dagger            |       |    19 |       ||    19
         Spear             |       |    17 |    19 ||    36
  Evoke: Wand              |       |     3 |       ||     3
    Use: Potion            |       |     5 |     3 ||     8
 Armour: Scale mail        |     5 |    14 |    13 ||    32
  Dodge: Dodged            |     6 |     3 |     5 ||    14
  Block: Buckler           |     6 |     4 |       ||    10
         Kite shield       |       |     6 |     8 ||    14

Table legend: (Time is in decaauts)
 A = Elapsed time spent in this place.
 B = Non-inter-level travel time spent in this place.
 C = Inter-level travel time spent in this place.
 D = Time resting spent in this place.
 E = Time spent auto-exploring this place.
 F = Levels seen in this place.
 G = Mean time per level.
                   A        B        C        D        E       F      G
               +--------+--------+--------+--------+--------+-----+--------+
         Total |    591 |    568 |     23 |    207 |    172 |   1 |  591.0 |
       Dungeon |    591 |    568 |     23 |    207 |    172 |   1 |  591.0 |
               +--------+--------+--------+--------+--------+-----+--------+

Top non-repeatable levels by time:
       D: 591 daAuts
